 Dungeon Crawl Stone Soup version 0.19.0-11-g3fc08b3 (webtiles) character file.

99 Jerry the Charmwright (level 4, -1/23 HPs)
             Began as a Vine Stalker Skald on Nov 8, 2016.
             Slain by a gnoll
             ... wielding a cursed -3 club
              (5 damage)
             ... on level 2 of the Dungeon.
             The game lasted 00:06:24 (1673 turns).

Jerry the Charmwright (Vine Stalker Skald)          Turns: 1673, Time: 00:06:25

Health: -1/23      AC:  3    Str: 14    XL:     4   Next: 72%
Magic:  0/8        EV: 11    Int: 12    God:
Gold:   51         SH:  0    Dex: 15    Spells: 3 memorised, 1 level left

rFire  . . .     SeeInvis .     h - +0 short sword (venom)
rCold  . . .     Gourm    .     b - +0 leather armour
rNeg   . . .     Faith    .     (no shield)
rPois  .         Spirit   +     (no helmet)
rElec  .         Reflect  .     (no cloak)
rCorr  .         Harm     .     (no gloves)
MR     .....                    (no boots)
Stlth  +.........               (no amulet)
                                (no ring)
                                (no ring)

@: lethally poisoned (-1 -> -1), infused, singing
A: fangs 2, regeneration 1, magic shield, antimagic bite, no device heal 3, rot
immunity
a: Stop Singing


You were on level 2 of the Dungeon.
You were not hungry.

You visited 1 branch of the dungeon, and saw 2 of its levels.

You collected 51 gold pieces.

Inventory:

Hand Weapons
 h - a +0 short sword of venom (weapon)
Armour
 b - a +0 leather armour (worn)
Scrolls
 f - a scroll of teleportation {unknown}
 g - 2 scrolls of remove curse {unknown}
Potions
 a - a potion of cure mutation {unknown}
 e - 2 potions of degeneration {unknown}
Books
 c - a book of Battle

   Spells                             Type                      Level
   a - Infusion                       Charms                       1
   b - Shroud of Golubria             Charms/Translocation         2
   c - Song of Slaying                Charms                       2
   d - Spectral Weapon                Hexes/Charms                 3
   e - Regeneration                   Charms/Necromancy            3
Comestibles
 d - 3 bread rations


   Skills:
 - Level 1.7 Fighting
 - Level 1.7 Short Blades
 + Level 2.3 Armour
 - Level 0.7 Dodging
 - Level 2.1 Spellcasting
 - Level 4.0 Charms
 + Level 1.4 Necromancy


You had one spell level left.
You knew the following spells:

 Your Spells              Type           Power        Failure   Level  Hunger
a - Infusion              Chrm           ##..         8%          1    ##.....
b - Regeneration          Chrm/Necr      #.........   34%         3    ####...
c - Song of Slaying       Chrm           ##......     12%         2    ###....


Dungeon Overview and Level Annotations

Branches:
Dungeon (2/15)

Altars:


Innate Abilities, Weirdness & Mutations

You have extremely sharp teeth.
Your natural rate of healing is unusually fast.
When hurt, damage is shared between your health and your magic reserves.
Your bite disrupts and absorbs the magic of your enemies.
Potions and wands cannot restore your health.
You are immune to rotting.


Message History

You hit the gnoll.
The gnoll is poisoned.
The gnoll is moderately wounded.
The gnoll hits you with a halberd!
You closely miss the gnoll.
The gnoll is heavily wounded.
You feel sick.
You are too injured to fight recklessly!
You hit the gnoll.
The gnoll looks as sick as possible!
You bite the gnoll. You drain its power.
You feel invigorated.
The gnoll is almost dead.
You feel sick.
You kill the gnoll!
You closely miss the gnoll. The gnoll barely misses you.
Your leather armour prevents you from hitting the gnoll.
Your bite misses the gnoll.
You feel sick. The gnoll hits you with a club.
* * * LOW HITPOINT WARNING * * *
You barely miss the gnoll. Your bite misses the gnoll.
The gnoll closely misses you.
You completely miss the gnoll.
You feel sick. The gnoll hits you with a club.
You die...

≈≈. ♣≈g P. ≈. #.
♣♣#.
≈♣≈♣≈..##########
≈P≈≈≈....sg@....#
P≈≈♣..#########.#
♣. #.# ♣≈ #.# ≈s
#.# ♣. #.# .
#.######
#......#######
######........


You could see a gnoll and a giant cockroach.

Vanquished Creatures
  5 adders (D:2)
  A gnoll (D:2)
  3 dart slugs
  A ball python (D:2)
  2 bats (D:1)
  A giant cockroach (D:1)
  7 goblins
  5 hobgoblins
  8 kobolds
  2 frilled lizards (D:1)
  5 rats
40 creatures vanquished.

Notes
Turn   | Place    | Note
-------+----------+-------------------------------------------
     0 | D:1      | Jerry the Vine Stalker Skald began the quest for the Orb.
     0 | D:1      | Reached XP level 1. HP: 11/11 MP: 4/4
    14 | D:1      | Reached skill level 1 in Armour
   194 | D:1      | Reached XP level 2. HP: 15/15 MP: 6/6
   879 | D:1      | Reached XP level 3. HP: 16/18 MP: 4/7
   886 | D:1      | Learned a level 3 spell: Regeneration
   889 | D:1      | Learned a level 2 spell: Song of Slaying
  1350 | D:2      | Reached skill level 4 in Charms
  1350 | D:2      | Reached skill level 1 in Necromancy
  1350 | D:2      | Gained mutation: Your natural rate of healing is unusually fast. [Vine Stalker growth]
  1350 | D:2      | Reached XP level 4. HP: 22/23 MP: 6/8
  1673 | D:2      | Slain by a gnoll

Skill      XL: |  1  2  3 |
---------------+----------+-----
Armour         | 1 2 |  2.3
Charms         | 4 |  4.0
Necromancy     | 1 |  1.4
Fighting       | |  1.7
Short Blades   | |  1.7
Dodging        | |  0.7
Spellcasting   | |  2.1

Action                   |  1- 3 |  4- 6 || total
-------------------------+-------+-------++-------
Melee: Short sword       |    87 |    28 ||   115
       Bite              |    21 |     6 ||    27
 Cast: Infusion          |     5 |     2 ||     7
       Song of Slaying   |     1 |     2 ||     3
  Eat: Chunk             |     1 |     2 ||     3
Armor: Leather armour    |    26 |     2 ||    28
Dodge: Dodged            |    53 |    19 ||    72
